 Dungeon Crawl Stone Soup version 0.18.1-5-g4a78601 (webtiles) character file.

295 CrazyArbalest the Bolt Thrower (level 6, -3/76 HPs)
             Began as a Minotaur Hunter on May 9, 2016.
             Was an Initiate of Okawaru.
             Killed from afar by an orc wizard (5 damage)
             ... with a puff of flame
             ... on level 4 of the Dungeon.
             The game lasted 00:10:38 (3936 turns).

CrazyArbalest the Bolt Thrower (Minotaur Hunter)    Turns: 3936, Time: 00:10:39

Health: -3/76      AC: 23    Str: 16    XL:     6   Next: 11%
Magic:  5/5        EV:  2    Int: 15    God:    Okawaru [......]
Gold:   139        SH:  0    Dex: 13    Spells: 0 memorised, 5 levels left

rFire  . . .     SeeInvis .     a - +0 flail
rCold  . . .     Gourm    .     (armour currently unavailable)
rNeg   + + +     Faith    .     (no shield)
rPois  +         Spirit   .     (helmet currently unavailable)
rElec  .         Dismiss  .     (cloak currently unavailable)
rCorr  .         Reflect  .     (gloves currently unavailable)
SustAt +         Harm     .     (boots currently unavailable)
MR     .....     NoTele   +     (no amulet)
Stlth  ++........               j - +2 ring of intelligence
                                e - ring of sustain attributes

@: brilliant, lethally poisoned (-3 -> -5), tree-form, not resistant to hostile
enchantments, unstealthy
A: (retaliatory headbutt), (horns 0)
a: Renounce Religion


You were on level 4 of the Dungeon.
You worshipped Okawaru.
Okawaru was noncommittal.
You were hungry.
You were a tree.
You visited 2 branches of the dungeon, and saw 5 of its levels.

You collected 139 gold pieces.

Inventory:

Hand Weapons
 a - a +0 flail (weapon)
 b - a +1 hand crossbow
 s - a +0 war axe
Missiles
 d - 32 bolts
Armour
 c - a +0 leather armour
 n - a cursed -1 ring mail (melded)
 r - a +0 chain mail
Jewellery
 e - a ring of sustain attributes (left branch)
 j - a +2 ring of intelligence (right branch)
Scrolls
 h - 2 scrolls of teleportation {unknown}
 l - 3 scrolls of magic mapping {unknown}
 m - 3 scrolls of identify {unknown}
 o - 3 scrolls of immolation {unknown}
 q - 2 scrolls of random uselessness {unknown}
 u - a scroll of remove curse {unknown}
Potions
 g - a potion of lignification
 i - 2 potions of heal wounds {unknown}
 k - a potion of brilliance
 p - a potion of haste {unknown}
 t - a potion of magic
 v - a potion of might {unknown}
 w - a potion of curing {unknown}
Comestibles
 f - 2 bread rations


   Skills:
 + Level 3.1 Fighting
 * Level 3.3 Maces & Flails
 * Level 5.8 Crossbows
 + Level 2.7 Armour
 + Level 3.5 Dodging
 + Level 1.0 Stealth


You had 5 spell levels left.
You didn't know any spells.

Dungeon Overview and Level Annotations

Branches:
Dungeon (4/15)             Temple (1/1) D:4

Altars:
Cheibriados
Dithmenos
Elyvilon
Fedhas
Gozag
Kikubaaqudgha
Makhleb
Nemelex Xobeh
Okawaru
Qazlal
Ru
Sif Muna
Trog
Vehumet
Xom
Yredelemnul
Zin
The Shining One


Innate Abilities, Weirdness & Mutations

((You reflexively headbutt those who attack you in melee.))
((You have a pair of horns on your head.))


Message History

You hit something.
You feel sick.
Something hits you but does no damage. x2
You miss something. Something hits you but does no damage.
The orc priest calls down the wrath of Beogh upon you.
Beogh smites you!
* * * LOW HITPOINT WARNING * * *
Something hits you but does no damage.
You hear a shout!
Drink which item? (? for menu, Esc to quit)
It was a potion of brilliance.
You feel clever all of a sudden.
* * * LOW HITPOINT WARNING * * *
You feel sick. Something hits you.
* * * LOW HITPOINT WARNING * * *
Drink which item? (? for menu, Esc to quit)
It was a potion of magic.
Magic courses through your body. Something hits you but does no damage.
You hear some strange, mumbled words.
A puff of flame appears from out of thin air!
The puff of flame hits you!
You die...

#.. o......... .$..
#.....#.# .....
.......# h.....#....#
..........# ..
.......#..# #.. .
>....#.#.)# ..###
....####o.#### #.#≈≈
... #.♣{o....# #.#≈# ..
#.######.#.####..≈. .
#. #...#.......≈. ##
#.###...#...≈. . #
#...#..###..≈. ..
#.######.##.....)≈. ...
#........#..##..#≈#
....####..####.###..#≈≈
.......#..#(........###


You could see 2 orc priests.

Vanquished Creatures
  A sky beast (D:3)
  A worker ant (D:4)
  Robin (D:2)
  3 gnolls (D:2)
  5 adders
  2 worms (D:3)
  2 dart slugs
  A giant gecko (D:2)
  5 orcs
  4 giant cockroaches
  12 goblins
  7 hobgoblins
  11 jackals
  A quokka (D:2)
  A ball python (D:3)
  6 bats
  A giant newt (D:3)
  10 kobolds
  4 rats
78 creatures vanquished.

Notes
Turn   | Place    | Note
--------------------------------------------------------------
     0 | D:1      | CrazyArbalest the Minotaur Hunter began the quest for the Orb.
     0 | D:1      | Reached XP level 1. HP: 18/18 MP: 0/0
   385 | D:1      | Reached XP level 2. HP: 23/25 MP: 1/1
   583 | D:1      | Reached skill level 5 in Crossbows
   977 | D:2      | Reached XP level 3. HP: 21/30 MP: 2/2
  1271 | D:2      | Reached skill level 1 in Armour
  1634 | D:2      | Reached skill level 1 in Maces & Flails
  1635 | D:2      | Reached XP level 4. HP: 27/37 MP: 3/3
  1996 | D:2      | Noticed Robin
  2179 | D:2      | Killed Robin
  2585 | D:3      | Reached XP level 5. HP: 32/44 MP: 4/4
  2949 | D:3      | Noticed a sky beast
  2955 | D:3      | Killed a sky beast
  2955 | D:3      | Reached skill level 1 in Stealth
  3558 | D:3      | Reached XP level 6. HP: 51/51 MP: 5/5
  3664 | D:4      | Found a staircase to the Ecumenical Temple.
  3680 | Temple   | Entered the Ecumenical Temple
  3809 | Temple   | Became a worshipper of Warmaster Okawaru
  3934 | D:4      | HP: 3/76 [orc priest/divine providence (13)]
  3936 | D:4      | Killed from afar by an orc wizard

Skill      XL: |  1  2  3  4  5 |
---------------+----------------+-----
Crossbows      | 5 |  5.8
Armour         | 1 2 |  2.7
Maces & Flails | 1 2 3 |  3.3
Dodging        | 3 |  3.5
Stealth        | 1 |  1.0
Fighting       | 3 |  3.1

Action                   |  1- 3 |  4- 6 || total
-------------------------+-------+-------++-------
Melee: Short sword       |    52 |       ||    52
       Headbutt          |    20 |    18 ||    38
       Club              |    52 |     4 ||    56
       Flail             |       |    98 ||    98
 Fire: Hand crossbow     |     8 |     1 ||     9
  Use: Potion            |       |     3 ||     3
 Stab: Sleeping          |     1 |       ||     1
       Distracted        |       |     1 ||     1
  Eat: Chunk             |     2 |     7 ||     9
Armor: Leather armour    |    31 |    22 ||    53
       Skin              |       |     5 ||     5
       Ring mail         |       |     2 ||     2
Dodge: Dodged            |    68 |    67 ||   135
